 Dungeon Crawl Stone Soup version 0.27.1-33-g824d729ab1 (webtiles) character file.

Game seed: 16114636476478440890

176 Sharkman1231 the Skirmisher (level 5, -1/42 HPs)
             Began as a Demonspawn Wanderer on Dec 26, 2021.
             Was a Follower of Qazlal.
             Slain by an adder (3 damage)
             ... on level 3 of the Dungeon.
             The game lasted 00:03:06 (3666 turns).

Sharkman1231 the Skirmisher (Demonspawn Wanderer)   Turns: 3666, Time: 00:03:07

Health: -1/42      AC:  2    Str: 14    XL:     5   Next: 30%
Magic:  5/5        EV: 11    Int: 10    God:    Qazlal [*.....]
Gold:   86         SH:  2    Dex: 15    Spells: 3/4 levels left

rFire    . . .     SeeInvis .   a - +2 dagger
rCold    . . .     Faith    .   (no shield)
rNeg     . . .     Spirit   .   d - +0 robe
rPois    .         Reflect  .   (no helmet)
rElec    .         Harm     .   (no cloak)
rCorr    .         Rampage  .   (no gloves)
Will     .....                  (no boots)
Stlth    ++........             (no amulet)
HPRegen  0.14/turn              (no ring)
MPRegen  0.18/turn              (no ring)

@: no status effects
A: magic regeneration, sturdy frame 1
a: Renounce Religion


You were on level 3 of the Dungeon.
You worshipped Qazlal.
Qazlal was aware of your devotion.
You visited 1 branch of the dungeon, and saw 3 of its levels.

You collected 86 gold pieces.

Inventory:

Hand Weapons
 a - a +2 dagger (weapon)
Missiles
 b - 2 curare-tipped darts (quivered)
Armour
 d - a +0 robe (worn)
Scrolls
 c - a scroll of teleportation
 e - 2 scrolls of identify {unknown}
 f - a scroll of immolation {unknown}
 g - a scroll of enchant armour {unknown}
 h - a scroll of enchant weapon {unknown}
 j - a scroll of torment {unknown}
 k - a scroll of magic mapping {unknown}
Potions
 l - a potion of might {unknown}


   Skills:
 + Level 4.2 Fighting
 - Level 1.7 Throwing
 - Level 1.7 Stealth
 + Level 2.7 Conjurations
 - Level 2.0 Summonings
 + Level 2.7 Fire Magic
 + Level 1.0 Invocations


You had 3 spell levels left.
You knew the following spells:

 Your Spells              Type           Power      Damage    Failure   Level
a - Foxfire               Conj/Fire      20%        2x1d5     13%         1

Your spell library contained the following spells:

 Spells                   Type           Power      Damage    Failure   Level
 Dazzling Flash           Conj/Hex       4%         N/A       54%         3


Dungeon Overview and Level Annotations

Branches:
Dungeon (3/15)

Altars:
Okawaru
Qazlal


Innate Abilities, Weirdness & Mutations

You regenerate magic rapidly.
Your movements are slightly less encumbered by armour. (ER -2)


Message History

The frilled lizard bites you.
You hit the frilled lizard.
You kill the frilled lizard!
Qazlal accepts your kill.
You feel sick. You block the adder's attack.
The frilled lizard barely misses you.
You miss the adder.
The adder is moderately wounded.
You feel sick. The adder bites you but does no damage.
The frilled lizard bites you but does no damage.
You feel sick. The adder bites you.
You are more poisoned.
The adder poisons you!
You feel sick.
You feel sick.
You feel sick. The adder closely misses you.
You feel sick.
You feel sick.
You feel sick.
You feel sick.
You are no longer poisoned.
The adder bites you.
* * * LOW HITPOINT WARNING * * *
You see here a bat corpse.
You closely miss the adder.
The adder is moderately wounded.
The adder bites you.
* * * LOW HITPOINT WARNING * * *
You are too injured to fight recklessly!
You are too injured to fight recklessly!
You barely miss the adder.
The adder is moderately wounded.
You block the adder's attack.
A frilled lizard comes into view.
The adder bites you.
* * * LOW HITPOINT WARNING * * *
Unknown command.
It was a potion of cancellation.
You feel magically purged. The adder bites you.
You die...

#≈>_≈#....##..........#
#≈≈≈≈'................#
.######l...............##
.........................
.........................
........l...####.........
####....ll..# #.).......
#####S#.## #.........
#@#.# #.###.#...
#.#.#####.# #.#...
#.#.......# #.# ##
#.######### #.#
#.###########.#
#.............#
###############


You could see an adder and 4 frilled lizards.

Vanquished Creatures
  A jelly (D:3)
  An iguana (D:2)
  Jessica (D:2)
  3 adders (D:2)
  4 worms (D:2)
  2 dart slugs
  3 endoplasms
  3 giant cockroaches
  5 goblins (D:1)
  3 hobgoblins
  4 jackals (D:2)
  A ball python (D:1)
  5 bats
  8 frilled lizards
  6 kobolds
  7 rats
57 creatures vanquished.

Vanquished Creatures (others)
  2 foxfires (D:2)
  11 plants
13 creatures vanquished.

Grand Total: 70 creatures vanquished

Notes
Turn   | Place    | Note
-------+----------+-------------------------------------------
     0 | D:1      | Sharkman1231 the Demonspawn Wanderer began the quest for
                  | the Orb.
     0 | D:1      | Sharkman1231 set off with the following items: a +2 dagger,
                  | 3 curare-tipped darts, a scroll of teleportation, a +0
                  | robe; and the following spell memorised: Foxfire; and the
                  | following spells available to memorise: Dazzling Flash
     0 | D:1      | Reached XP level 1. HP: 18/18 MP: 1/1
   113 | D:1      | Gained mutation: You regenerate magic rapidly. [demonic
                  | ancestry]
   113 | D:1      | Reached XP level 2. HP: 14/24 MP: 2/2
   410 | D:1      | Reached skill level 1 in Conjurations
  1020 | D:2      | Reached XP level 3. HP: 8/29 MP: 3/3
  1646 | D:2      | Noticed an eye of devastation
  1648 | D:2      | Found a faded altar of an unknown god.
  1652 | D:2      | Noticed an eye of devastation
  1653 | D:2      | Noticed a floating eye
  1653 | D:2      | Noticed a great orb of eyes
  1713 | D:2      | Became a worshipper of Qazlal Stormbringer
  1713 | D:2      | Reached * piety under Qazlal
  2200 | D:2      | Noticed Jessica
  2236 | D:2      | Killed Jessica
  2237 | D:2      | Reached XP level 4. HP: 19/37 MP: 4/4
  2964 | D:2      | Reached skill level 4 in Fighting
  3317 | D:2      | Gained mutation: Your movements are slightly less
                  | encumbered by armour. (ER -2) [demonic ancestry]
  3317 | D:2      | Reached XP level 5. HP: 42/42 MP: 3/5
  3632 | D:3      | Found an iron altar of Okawaru.
  3643 | D:3      | Reached skill level 1 in Invocations
  3665 | D:3      | HP: 2/42 [adder (1)]
  3666 | D:3      | Slain by an adder

Illustrated notes

Levels and vault maps discovered:
D:1:      amcnicky_arrival_flooded_fountain, layout_loops_ring,
          minmay_pentomino_o4
D:2:      cheibrodos_old_hovel, layout_loops_ring,
          hellmonk_ecumenical_altar_watching_god, uniq_jessica
D:3:      layout_basic, general_overflow_altar, st_stairs_4, minmay_lizard_king

Skill      XL: |  1  2  3  4  5 |
---------------+----------------+-----
Conjurations   | 1 2 |  2.7
Fire Magic     | 2 |  2.7
Fighting       | 4 |  4.2
Invocations    | 1 |  1.0
Throwing       | |  1.7
Stealth        | |  1.7
Summonings     | |  2.0

Action                   |  1- 3 |  4- 6 || total
-------------------------+-------+-------++-------
Melee: Dagger            |   111 |    76 ||   187
Throw: Dart              |     7 |     4 ||    11
 Cast: Foxfire           |       |     1 ||     1
  Use: Potion            |       |     2 ||     2
 Stab: Sleeping          |     5 |       ||     5
Armor: Robe              |    21 |     7 ||    28
Dodge: Dodged            |    44 |    46 ||    90
Block: Other             |     3 |     7 ||    10
